 Dungeon Crawl Stone Soup version 0.28.0-62-gf88900778d (webtiles) character file.

Game seed: 9317957334895951772

261 tkbsonic5 the Shield-Bearer (level 5, 0/39 (47) HPs)
             Began as a Minotaur Fighter on Feb 27, 2023.
             Slain by Edmund
             ... wielding a +4 flail of draining
              (5 damage)
             ... on level 4 of the Dungeon.
             The game lasted 00:09:41 (3025 turns).

tkbsonic5 the Shield-Bearer (Minotaur Fighter)      Turns: 3025, Time: 00:09:42

HP:   0/39 (47)     AC:  9    Str: 22    XL:     5   Next: 96%
MP:   4/4           EV:  8    Int:  5    God:
Gold: 119           SH:  5    Dex: 10    Spells: 4/4 levels left

rFire   + . .      SeeInvis .   a - +0 rapier
rCold   + . .      Faith    .   c - +0 buckler
rNeg    . . .      Spirit   .   f - +0 chain mail
rPois   +          Reflect  .   (helmet restricted)
rElec   +          Harm     .   p - scarf {repulsion}
rCorr   +          Rampage  .   (no gloves)
Will    .....                   (no boots)
Stlth   ..........              (no amulet)
HPRegen 0.13/turn               (no ring)
MPRegen 0.09/turn               (no ring)

@: mighty, resistant, heavily drained, repel missiles
A: horns 2, retaliatory headbutt
a: no special abilities


You were on level 4 of the Dungeon.
You visited 1 branch of the dungeon, and saw 5 of its levels.

You collected 119 gold pieces.

Inventory:

Hand Weapons
 a - a +0 rapier (weapon)
 t - a +0 long sword
Armour
 b - a +0 scale mail
 c - a +0 buckler (worn)
 f - a +0 chain mail (worn)
 p - a scarf of repulsion (worn)
Jewellery
 o - a ring of protection from fire
 v - a ring of flight
Scrolls
 e - a scroll of enchant armour {unknown}
 h - a scroll of fog {unknown}
 k - a scroll of noise {unknown}
 l - a scroll of enchant weapon {unknown}
 m - 3 scrolls of teleportation
 q - a scroll of blinking {unknown}
 r - 2 scrolls of identify {unknown}
 u - a scroll of fear {unknown}
Potions
 i - a potion of mutation {unknown}
 j - a potion of degeneration {unknown}


   Skills:
 * Level 4.7 Fighting
 * Level 3.8 Short Blades
 * Level 4.6 Armour
 * Level 2.3 Dodging
 * Level 5.1 Shields


You had 4 spell levels left.
You didn't know any spells.
Your spell library contained the following spells:

 Spells                   Type           Power      Damage    Failure   Level
 Summon Small Mammal      Summ           0%         N/A       99%         1
 Call Canine Familiar     Summ           0%         N/A       100%        3
 Conjure Flame            Conj/Fire      0%         6-21      100%        3
 Dazzling Flash           Conj/Hex       0%         N/A       100%        3
 Frozen Ramparts          Ice            0%         1d2       100%        3
 Ignite Poison            Fire/Tmut/Pois 0%         N/A       100%        3
 Summon Guardian Golem    Hex/Summ       0%         N/A       100%        3
 Tukima's Dance           Hex            0%         N/A       100%        3
 Anguish                  Hex/Necr       0%         N/A       100%        4
 Ice Form                 Ice/Tmut       0%         N/A       100%        4
 Sticky Flame             Conj/Fire      0%         2d3       100%        4
 Summon Ice Beast         Ice/Summ       0%         N/A       100%        4
 Agony                    Necr           0%         N/A       100%        5
 Silence                  Hex/Air        0%         N/A       100%        5
 Enfeeble                 Hex            0%         N/A       100%        7


Dungeon Overview and Level Annotations

Branches:
Dungeon (5/15)
 Temple: D:4-7

Altars:

Annotations:
D:4 Edmund


Innate Abilities, Weirdness & Mutations

You have a pair of horns on your head.
You reflexively headbutt those who attack you in melee.


Message History

There is a stone staircase leading down here.
You feel very mighty all of a sudden. The adder barely misses you.
Edmund hits you with a +4 flail of draining!
You feel drained. The adder barely misses you.
You closely miss the adder.
Edmund hits you with a +4 flail of draining.
You feel drained. The adder bites you but does no damage.
You puncture Edmund! You headbutt Edmund!
Edmund is heavily wounded.
The adder bites you but does no damage. You block Edmund's attack.
You puncture Edmund!
Edmund is severely wounded.
The adder bites you.
You are poisoned.
The adder poisons you!
Edmund hits you with a +4 flail of draining!
* * * LOW HITPOINT WARNING * * *
You feel drained.
* * * LOW HITPOINT WARNING * * *
You block the adder's attack.
It was a potion of magic.
Magic courses through your body.
You feel sick. Edmund closely misses you. You block the adder's attack.
It was a potion of curing.
You feel better. The adder closely misses you.
Edmund hits you with a +4 flail of draining.
* * * LOW HITPOINT WARNING * * *
You feel drained.
* * * LOW HITPOINT WARNING * * *
It was a potion of resistance.
You feel protected. The adder bites you.
* * * LOW HITPOINT WARNING * * *
Edmund says, "Everyone always remembers my brother. 'Who's Edmund?' they ask!"
Edmund hits you but does no damage.
You feel drained. The adder closely misses you. You furiously retaliate!
You headbutt the adder!
You kill the adder!
You closely miss Edmund.
Edmund is severely wounded.
Edmund hits you with a +4 flail of draining.
You die...

#...................(.#.#
#...................#.#.#
#########...........#.#..
#..<.............#.###
#................#.###
#......####....###....
#......# #....#######
#...@..# #...........
#[>..@.# #..........#
######## #..........'
###........# #........#
#........# #........#
#.....[..# #######'## #.#


You could see Edmund.

Vanquished Creatures
  A scorpion (D:4)
  An orc priest (D:4)
  An orc wizard (D:4)
  4 gnolls
  3 adders
  An ufetubus (D:2)
  A worm (D:2)
  2 dart slugs (D:1)
  5 orcs
  6 bats
  8 endoplasms
  A giant cockroach (D:1)
  8 goblins
  3 hobgoblins
  2 jackals (D:4)
  2 quokkas
  4 ball pythons
  6 frilled lizards
  6 kobolds
  2 rats
67 creatures vanquished.

Vanquished Creatures (others)
  A fungus (D:2)
1 creature vanquished.

Grand Total: 68 creatures vanquished

Notes
Turn   | Place    | Note
-------+----------+-------------------------------------------
     0 | D:1      | tkbsonic5 the Minotaur Fighter began the quest for the Orb.
     0 | D:1      | Reached XP level 1. HP: 19/19 MP: 0/0
   116 | D:1      | Reached XP level 2. HP: 27/27 MP: 1/1
   119 | D:1      | Reached skill level 4 in Shields
   786 | D:2      | Reached XP level 3. HP: 33/33 MP: 2/2
   950 | D:2      | Found a faded altar of an unknown god.
  1266 | D:2      | Reached skill level 1 in Dodging
  1602 | D:3      | Noticed an ice beast
  1719 | D:3      | Reached XP level 4. HP: 40/40 MP: 3/3
  1742 | D:3      | Identified the +1 robe of Cheibriados's Approval {Harm
                  | rPois}
  2118 | D:4      | Noticed a scorpion
  2124 | D:4      | Killed a scorpion
  2125 | D:4      | Reached XP level 5. HP: 29/47 MP: 4/4
  2767 | D:5      | Entered Level 5 of the Dungeon
  2797 | D:5      | Reached skill level 5 in Shields
  3015 | D:5      | Noticed Edmund
  3015 | D:5      | Noticed a yak
  3015 | D:5      | Noticed a yak
  3015 | D:5      | Noticed a yak
  3025 | D:4      | Slain by Edmund

Illustrated notes

Levels and vault maps discovered:
D:1:      dpeg_arrival_rooms_b, layout_basic, minmay_misc_feat_hallway
D:2:      layout_basic, shapermc_ecumenical_altar_acropolis
D:3:      layout_basic
D:4:      layout_basic, grunt_decor_junction, uniq_pikel
D:5:      layout_rooms, lemuel_doored_altar, minmay_fractal_squares_gapless_5,
          uniq_sigmund, uniq_edmund

Skill      XL: |  1  2  3  4  5 |
---------------+----------------+-----
Shields        | 4 5 |  5.1
Fighting       | 4 |  4.7
Short Blades   | 3 |  3.8
Dodging        | 1 2 |  2.3
Armour         | 4 |  4.6

Action                   |  1- 3 |  4- 6 || total
-------------------------+-------+-------++-------
Melee: Rapier            |   119 |    43 ||   162
       Headbutt          |     7 |     5 ||    12
Throw: Dart              |       |     6 ||     6
  Use: Scroll            |     1 |       ||     1
       Potion            |       |     4 ||     4
Armor: Scale mail        |    10 |       ||    10
       Chain mail        |    59 |    19 ||    78
Dodge: Dodged            |    44 |    23 ||    67
Block: Buckler           |    23 |    11 ||    34
